Map: Acid Plant LE

Players

Ethereal

  • Race: Zerg Zerg
  • Spawn Location: 5:00

Daydreamer - Winner!

  • Race: Protoss Protoss
  • Spawn Location: 11:00

Event: WCS Montreal 2018

VOD

Have the link to the VOD?

Description

Time

  • Played on: Sept. 7, 2018, 1:11 p.m.
  • Length: 10:48

All games in this series

Show
View Real Time Build Order
Export as new Build Order

Ethereal Zerg 

Build Orders: Hatch First 

Get SALT Encoding   

  12  0:02  Drone  
  13  0:20  Overlord  
  13  0:22  Drone  
  14  0:39  Drone x2  
  16  0:43  Drone  
  17  0:58  Hatchery  
  17  1:00  Drone  
  17  1:04  Drone  
  18  1:14  Extractor  
  17  1:18  Spawning Pool  
  17  1:21  Drone  
  18  1:25  Drone  
  18  1:38  Drone  
  19  1:48  Overlord  
  19  2:10  Queen x2  
  19  2:12  Zergling x2  
  19  2:14  Metabolic Boost  
  24  2:17  Drone x2  
  26  2:27  Drone x2  
  28  2:47  Zergling x2  
  28  2:48  Zergling x6  
  32  2:58  Extractor  
  32  3:00  Drone  
  32  3:01  Drone  
  32  3:05  Overlord  
  32  3:07  Queen  
  32  3:08  Drone  
  35  3:19  Hatchery  
  35  3:20  Overlord  
  35  3:25  Zergling x2  
  36  3:29  Drone x6  
  42  3:36  Drone  
  43  3:46  Drone x3  
  45  3:54  Evolution Chamber  
  44  3:56  Queen  
  44  3:58  Drone x2  
  44  3:59  Drone x4  
  52  4:04  Spore Crawler  
  52  4:07  Overlord  
  52  4:09  Drone  
  52  4:13  Spore Crawler  
  52  4:16  Overlord  
  51  4:21  Overlord x2  
  51  4:25  Overlord  
  51  4:27  Drone  
  51  4:34  Drone x3  
  51  4:35  Drone x2  
  54  4:39  Zerg Melee Weapons Level 1  
  54  4:42  Drone  
  54  4:43  Drone  
  54  4:45  Zergling x2  
  56  4:47  Zergling x2  
  56  4:51  Zergling x2  
  58  4:56  Zergling x4  
  57  5:00  Spore Crawler  
  57  5:01  Zergling x2, Queen  
  57  5:06  Zergling x2  
  60  5:09  Zergling x4  
  62  5:18  Baneling Nest, Lair  
  62  5:19  Drone x3  
  64  5:22  Extractor  
  64  5:27  Zergling x8  
  67  5:33  Drone x4  
  71  5:41  Zergling x8  
  69  5:51  Zergling x4  
  69  5:56  Drone x4  
  72  6:06  Extractor, Drone x3  
  69  6:13  Zergling x4  
  69  6:17  Zergling x2  
  68  6:20  Zergling x2  
  68  6:21  Zergling x2  
  68  6:25  Zergling x8  
  72  6:30  Zergling x8  
  73  6:33  Zergling x2  
  73  6:37  Hydralisk Den  
  73  6:39  Zergling x8  
  65  6:42  Zergling x2  
  65  6:44  Baneling x4  
  65  6:46  Drone  
  63  6:52  Drone  
  63  6:53  Drone  
  60  6:57  Drone  
  60  6:59  Drone x4  
  60  7:00  Drone x2  
  63  7:03  Drone  
  64  7:08  Drone  
  65  7:16  Extractor  
  65  7:18  Zergling x6  
  65  7:22  Zergling x2  
  67  7:28  Drone  
  67  7:29  Drone  
  68  7:31  Queen  
  68  7:36  Zergling x10  
  72  7:41  Zergling x6  
  70  7:46  Hatchery  
  70  7:48  Hydralisk x2  
  70  7:49  Hydralisk  
  73  7:52  Grooved Spines  
  73  7:59  Baneling x2  
  73  8:00  Drone x3  
  73  8:03  Extractor  
  75  8:05  Extractor  
  75  8:06  Drone x3  
  75  8:10  Drone x2  
  79  8:15  Hydralisk  
  79  8:19  Overlord x2  
  81  8:24  Overlord x2  
  81  8:25  Overlord  
  81  8:30  Baneling x6  
  81  8:31  Baneling x2  
  81  8:37  Zergling x2  
  81  8:38  Zergling x2  
  81  8:39  Drone  
  81  8:40  Drone x3  
  87  8:44  Drone x2  
  89  8:48  Zerg Missile Weapons Level 1  
  89  8:51  Drone x2  
  91  8:56  Drone x3  
  91  8:57  Drone  
  91  8:59  Baneling x2  
  95  9:05  Drone x3  
  95  9:07  Drone  
  95  9:09  Muscular Augments  
  99  9:20  Drone x5  
  99  9:21  Drone x3  
  107  9:25  Queen  
  108  9:33  Hydralisk x4  
  108  9:36  Zergling x4  
  117  9:41  Zergling x2  
  117  9:43  Hydralisk x2  
  120  9:46  Baneling x6  
  120  9:48  Zergling x2  
  120  9:49  Zergling x2  
  120  9:51  Hydralisk  
  121  9:53  Overlord  
  121  9:54  Hydralisk  
  121  9:59  Zergling x6  
  127  10:00  Zergling x4  
  127  10:03  Baneling  
  127  10:04  Baneling x3  
  112  10:26  Drone x2  
  112  10:27  Drone x3  
  95  10:31  Zergling x4  
Show
View Real Time Build Order
Export as new Build Order

Daydreamer Protoss - Winner!

Build Orders: 1 Gate Expand, Oracle Opening, Phoenix Opening 

Get SALT Encoding   

  12  0:00  Probe  
  13  0:12  Probe  
  14  0:20  Pylon  
  14  0:25  Probe  
  15  0:35  Probe  
  15  0:41  Gateway  
  16  0:43  Probe  
  16  0:46  Assimilator  
  17  0:52  Probe  
  18  1:05  Probe  
  19  1:17  Probe  
  20  1:25  Nexus  
  20  1:34  Cybernetics Core  
  20  1:36  Probe  
  21  1:45  Assimilator  
  21  1:49  Probe  
  21  1:53  Pylon  
  22  2:01  Probe  
  23  2:02  Adept  
  23  2:11  Probe  
  26  2:19  Stargate, Probe  
  26  2:29  Probe  
  27  2:31  Warp Gate  
  27  2:33  Adept  
  30  2:41  Probe  
  31  2:44  Pylon  
  31  2:47  Probe  
  32  2:53  Probe  
  32  2:56  Oracle  
  33  2:59  Probe  
  33  3:05  Probe  
  35  3:07  Gateway  
  38  3:15  Shield Battery  
  38  3:21  Stalker  
  38  3:24  Probe  
  38  3:25  Probe  
  42  3:27  Pylon  
  42  3:34  Phoenix  
  42  3:37  Probe x2  
  46  3:51  Probe  
  46  3:53  Twilight Council, Probe  
  48  3:59  Pylon  
  50  4:12  Gateway x2  
  50  4:14  Gateway x2  
  50  4:15  Resonating Glaives  
  48  4:20  Probe  
  48  4:21  Probe  
  48  4:23  Assimilator  
  50  4:40  Adept x2  
  50  4:42  Probe  
  53  5:02  Nexus  
  53  5:03  Pylon  
  53  5:05  Pylon  
  53  5:06  Adept x3  
  59  5:13  Adept  
  61  5:15  Probe  
  62  5:21  Probe  
  62  5:27  Adept x5  
  73  5:33  Probe x2  
  73  5:34  Assimilator  
  69  5:55  Adept x4  
  69  5:56  Adept x2, Probe  
  69  5:57  Probe  
  77  5:59  Charge  
  71  6:33  Probe  
  71  6:34  Probe x2  
  71  6:39  Templar Archives  
  70  6:45  Probe  
  70  6:46  Probe  
  66  6:58  Adept x6, Probe  
  66  6:59  Probe x2  
  73  7:02  Pylon  
  73  7:04  Gateway  
  73  7:05  Pylon  
  73  7:06  Gateway  
  73  7:07  Templar Archives, Robotics Facility  
  73  7:10  Robotics Facility, Probe  
  75  7:15  Probe x2  
  75  7:17  Assimilator  
  76  7:23  Assimilator  
  76  7:24  Adept x3  
  76  7:25  Adept x2  
  72  7:46  Adept x6  
  72  7:47  Probe x2  
  72  7:50  Probe  
  85  7:54  Gateway x2  
  85  7:56  Warp Prism  
  85  7:57  Immortal, Shield Battery  
  85  7:59  Gateway  
  85  8:04  Shield Battery  
  85  8:09  High Templar x2  
  95  8:13  Archon  
  95  8:16  Probe  
  95  8:18  Probe  
  97  8:21  Probe  
  98  8:29  Pylon  
  98  8:32  Pylon, Psionic Storm  
  98  8:36  Immortal x2  
  103  8:45  High Templar x2  
  107  8:50  Gateway  
  107  8:52  Gateway  
  107  9:00  High Templar, Shield Battery  
  107  9:01  High Templar  
  107  9:02  Zealot x2  
  115  9:06  Warp Prism  
  115  9:15  Probe  
  118  9:20  Pylon, Observer  
  118  9:22  Pylon  
  118  9:24  Pylon  
  118  9:28  Stalker  
  121  9:31  Pylon  
  121  9:34  Adept x2  
  125  9:43  Adept x2  
  124  9:46  Probe  
  120  9:53  Probe  
  121  10:02  Zealot x7  
  121  10:03  Zealot  
  137  10:15  High Templar x4  
  137  10:19  Archon x2  
  139  10:24  Archon  
  121  10:30  Archon, Zealot x5  
  121  10:31  Zealot x3  
Tags
 
Add a new tag
Caveats
  • Supply blocks, unpowered buildings, or Contaminate may cause inaccurate times.
  • Supply counts are checked every 10 seconds.